 Dungeon Crawl Stone Soup version 0.31-a0-188-g5e087ee2ca (webtiles) character file.

Game seed: 14394643474899285511

84 qw the Shooter (level 4, -1/25 HPs)
             Began as a Deep Elf Hunter on June 22, 2023.
             Slain by a gnoll
             ... wielding a +0 club
              (3 damage)
             ... on level 3 of the Dungeon.
             The game lasted 00:00:42 (1737 turns).

qw the Shooter (Deep Elf Hunter)                    Turns: 1737, Time: 00:00:42

Health: -1/25      AC:  6    Str: 10    XL:     4   Next: 23%
Magic:  6/6        EV: 11    Int: 14    God:
Gold:   93         SH:  0    Dex: 18    Spells: 3/3 levels left

rFire   . . .        Y - +0 shortbow
rCold   . . .        (shield currently unavailable)
rNeg    . . .        f - +0 ring mail
rPois   +            (no helmet)
rElec   .            (no cloak)
rCorr   .            d - +0 pair of gloves
SInv    .            (no boots)
Will    .....        (no amulet)
Stlth   +            e - ring of poison resistance
HPRegen 0.24/turn    (no ring)
MPRegen 0.10/turn

%: no passive effects
@: no status effects
A: no striking features
a: no special abilities


You were on level 3 of the Dungeon.
You visited 1 branch of the dungeon, and saw 3 of its levels.

You collected 93 gold pieces.


   Skills:
 - Level 1.5 Fighting
 + Level 7.6 Ranged Weapons
 - Level 2.4 Dodging
 - Level 1.2 Stealth


You had 3 spell levels left.
You didn't know any spells.
Your spell library was empty.

Inventory:

Hand Weapons
 Y - a +0 shortbow (weapon)
Armour
 d - a +0 pair of gloves (worn)
 f - a +0 ring mail (worn)
Jewellery
 e - a ring of poison resistance (left hand)
Scrolls
 a - a scroll of blinking {unknown}
Potions
 b - a potion of curing {unknown}
 g - a potion of heal wounds {unknown}

Dungeon Overview and Level Annotations

Branches:
Dungeon (3/15)

Altars:
Gozag


Message History

The gnoll is moderately wounded.
The gnoll misses you.
You shoot an arrow. The arrow completely misses the gnoll.
The arrow barely misses the gnoll.
The gnoll closely misses you. The gnoll misses you.
You shoot an arrow. The arrow closely misses the gnoll.
The gnoll hits you with a +0 flail. The gnoll hits you with a +0 club. x2
You shoot an arrow. The arrow hits the gnoll.
The gnoll is almost dead.
The gnoll hits you with a +0 flail. The gnoll hits you with a +0 club.
The gnoll closely misses you.
You shoot an arrow. The arrow barely misses the gnoll.
The gnoll barely misses you. The gnoll closely misses you.
The gnoll barely misses you.
You shoot an arrow. The arrow hits the gnoll!
You kill the gnoll!
The gnoll hits you with a +0 club. x2
You shoot an arrow. The arrow barely misses the gnoll.
The gnoll hits you but does no damage. The gnoll hits you with a +0 club.
The gnoll closely misses you. The gnoll barely misses you.
You shoot an arrow. The arrow closely misses the gnoll.
The gnoll closely misses you. The gnoll misses you.
You shoot an arrow.
The arrow hits the gnoll but does no damage.
The gnoll barely misses you. The gnoll completely misses you.
You shoot an arrow. The arrow barely misses the gnoll.
The gnoll misses you. The gnoll hits you but does no damage.
You shoot an arrow. The arrow barely misses the gnoll.
The gnoll misses you. The gnoll hits you but does no damage.
You shoot an arrow. The arrow hits the gnoll!
The gnoll is severely wounded.
The gnoll barely misses you. x2
You shoot an arrow. The arrow closely misses the gnoll.
The gnoll barely misses you. The gnoll hits you with a +0 club.
You shoot an arrow. The arrow hits the gnoll.
The gnoll is severely wounded.
The gnoll hits you with a +0 club. The gnoll closely misses you.
You shoot an arrow. The arrow barely misses the gnoll.
The gnoll hits you with a +0 club.
You die...

. ######. #.....#
###....)# .........
###.....####...
......g).......
#...g@# #.....#
########.....########
#....................
#............########
#......).....#
#......).....#
#.......######
#.......#


You could see 2 gnolls.

Vanquished Creatures
  2 gnolls (D:3)
  A worm (D:2)
  2 dart slugs (D:1)
  3 endoplasms
  5 giant cockroaches
  5 goblins
  6 hobgoblins
  4 quokkas
  10 ball pythons
  4 bats (D:1)
  2 frilled lizards
  5 kobolds (D:1)
  4 rats
53 creatures vanquished.

Notes
Turn   | Place    | Note
-------+----------+-------------------------------------------
     0 | D:1      | qw the Deep Elf Hunter began the quest for the Orb.
     0 | D:1      | Reached XP level 1. HP: 12/12 MP: 3/3
     0 | D:1      | 0 ||| qw: Version: 0.3-a-9-g12657ce
     0 | D:1      | 0 ||| qw: Game counter: 3045
     0 | D:1      | 0 ||| qw: Always use a shield: true
     0 | D:1      | 0 ||| qw: God list: Okawaru
     0 | D:1      | 0 ||| qw: Allow faded altars: false
     0 | D:1      | 0 ||| qw: Do Orc after D:15 true
     0 | D:1      | 0 ||| qw: Do second Lair branch before Depths: true
     0 | D:1      | 0 ||| qw: Lair rune preference: random
     0 | D:1      | 0 ||| qw: Plans: Normal
     0 | D:1      | 0 ||| PLANNING D:1-11
    88 | D:1      | Reached skill level 6 in Ranged Weapons
    88 | D:1      | Reached XP level 2. HP: 16/16 MP: 4/4
   198 | D:1      | 198 ||| FLEEEEING.
   289 | D:1      | Found a faded altar of an unknown god.
   295 | D:1      | Reached XP level 3. HP: 20/20 MP: 5/5
   619 | D:1      | 619 ||| FLEEEEING.
   635 | D:1      | Reached skill level 7 in Ranged Weapons
   699 | D:1      | 699 ||| UPGRADING to +0 pair of gloves.
   704 | D:1      | 704 ||| UPGRADING to ring of poison resistance.
   705 | D:1      | 705 ||| READING scroll labelled JYDITZ FAFFASE.
   706 | D:1      | 706 ||| READING scroll labelled XINAPP UVVEUTT.
   707 | D:1      | 707 ||| READING scroll labelled QIALITTAODGH.
   708 | D:1      | 708 ||| DROPPING scroll of butterflies.
  1254 | D:2      | Found an opulent altar of Gozag.
  1488 | D:2      | 1488 ||| UPGRADING to +0 ring mail.
  1498 | D:2      | 1498 ||| DROPPING +0 leather armour.
  1499 | D:2      | 1499 ||| DRINKING 2 red potions.
  1604 | D:2      | 1604 ||| DRINKING 2 murky orange potions.
  1609 | D:2      | 1609 ||| DROPPING potion of berserk rage.
  1610 | D:2      | 1610 ||| DROPPING potion of ambrosia.
  1646 | D:3      | 1646 ||| PLANNING SEWER
  1718 | D:3      | Reached XP level 4. HP: 25/25 MP: 6/6
  1729 | D:3      | HP: 3/25 [gnoll/+0 club (4)]
  1735 | D:3      | HP: 4/25 [gnoll/+0 club (1)]
  1737 | D:3      | Slain by a gnoll

Levels and vault maps discovered:
D:1:      wheals_arrival_shading, layout_loops_cross,
          nicolae_ecumenical_snake_handling, minmay_box_of_dots
D:2:      layout_loops_corners, basic_altar
D:3:      layout_basic, cheibrodos_sewer_entry_drain, dk_noncrumbling_4

Skill      XL: |  1  2  3 |
---------------+----------+-----
Ranged Weapons | 6 7 |  7.6
Fighting       | |  1.5
Dodging        | |  2.4
Stealth        | |  1.2

Action                     |  1- 3 |  4- 6 || total
---------------------------+-------+-------++-------
   Fire: Shortbow          |   115 |    20 ||   135
    Use: Scroll            |     3 |       ||     3
         Potion            |     2 |       ||     2
 Armour: Leather armour    |     4 |       ||     4
         Ring mail         |       |     3 ||     3
  Dodge: Dodged            |    11 |    20 ||    31

Table legend:
 A = Non-vault XP
 B = Vault XP
 C = Vault XP percentage of total XP
 D = Non-vault monster count
 E = Vault monster count
 F = Vault count percentage of total count
                 A         B        C        D         E       F
            +---------+---------+-------+---------+---------+-------
      Total |     107 |      13 |  10.8 |      45 |       8 |  15.1
            +---------+---------+-------+---------+---------+-------
        D:1 |      52 |      13 |  20.0 |      30 |       8 |  21.1
        D:2 |      22 |       0 |   0.0 |      11 |       0 |   0.0
        D:3 |      33 |       0 |   0.0 |       4 |       0 |   0.0
            +---------+---------+-------+---------+---------+-------
